 Dungeon Crawl Stone Soup version 0.29.1-12-g30fa7ad0bf (webtiles) character file.

Game seed: 2278756138356720661

30 hawla the Chiller (level 3, -10/26 HPs)
             Began as a Meteoran Ice Elementalist on Dec 30, 2022.
             Mangled by a gnoll
             ... wielding a +0 flail
              (11 damage)
             ... on level 4 of the Dungeon.
             The game lasted 00:02:21 (362 turns).

hawla the Chiller (Meteoran Ice Elementalist)        Turns: 362, Time: 00:02:22

Health: -10/26     AC:  2    Str:  9    XL:     3   Next: 55%
Magic:  5/8        EV: 12    Int: 19    God:
Gold:   38         SH:  0    Dex: 14    Spells: 4/8 levels left

rFire   . . .      SeeInvis .   (no weapon)
rCold   . . .      Faith    .   (no shield)
rNeg    . . .      Spirit   .   a - +0 robe
rPois   .          Reflect  .   (no helmet)
rElec   .          Harm     .   (no cloak)
rCorr   .          Rampage  .   (no gloves)
Will    .....                   (no boots)
Stlth   +.........              (no amulet)
HPRegen 0.08/turn               (no ring)
MPRegen 0.11/turn               (no ring)

@: freezing walls, glowing
A: sense surroundings 1, otherworldly, glowing, explore regen
a: no special abilities


You were on level 4 of the Dungeon.
You visited 1 branch of the dungeon, and saw 4 of its levels.

You collected 38 gold pieces.

Inventory:

Armour
 a - a +0 robe (worn)
Scrolls
 c - a scroll of immolation {unknown}
 e - a scroll of identify
Potions
 b - a potion of magic
 d - 2 potions of attraction


   Skills:
 + Level 0.1 Fighting
 + Level 2.6 Dodging
 - Level 1.4 Stealth
 + Level 3.1 Spellcasting
 + Level 5.1 Ice Magic


You had 4 spell levels left.
You knew the following spells:

 Your Spells              Type           Power      Damage    Failure   Level
a - Freeze                Ice            88%        1d10      1%          1
b - Frozen Ramparts       Ice            44%        1d7       5%          3

Your spell library contained the following spells:

 Spells                   Type           Power      Damage    Failure   Level
 Ozocubu's Armour         Ice            22%        N/A       5%          3
 Magic Dart               Conj           8%         1d3       16%         1
 Call Imp                 Summ           2%         N/A       22%         2
 Conjure Flame            Conj/Fire      2%         6-21      41%         3
 Ignite Poison            Fire/Tmut/Pois 2%         N/A       41%         3
 Mephitic Cloud           Conj/Pois/Air  2%         N/A       41%         3
 Hailstorm                Conj/Ice       12%        3d5       45%         4
 Sticky Flame             Conj/Fire      2%         2d3       83%         4


Dungeon Overview and Level Annotations

Branches:
Dungeon (4/15) Zot: 2037
 Temple: D:4-7

Altars:

Annotations:
D:1 1 transporter
D:2 Terence


Innate Abilities, Weirdness & Mutations

You passively map a small area around you.
You are easily found by Zot.
You glow in the dark.
You regain HP and MP as you explore.


Message History

The gnoll hits you from afar with a +0 spear!
The wall freezes the gnoll.
The gnoll barely misses you.
Unknown command.
Casting: Frozen Ramparts (quite dangerous; 6% risk of failure)
Confirm with . or Enter, or press ? or * to list all spells.
Aiming: Freeze (safe; 1% risk of failure)
Press: ? - help, Shift-Dir - straight line, f - gnoll
Aim: a gnoll, wielding a +0 flail (moderately wounded)
You freeze the gnoll.
The gnoll is severely wounded.
The wall freezes the bat.
The bat misses you.
The wall freezes the gnoll.
The gnoll hits you from afar with a +0 spear.
The wall freezes the gnoll.
You kill the gnoll!
The wall freezes the bat.
You kill the bat!
Your Spellcasting skill increases to level 3!
Your frozen ramparts will break if you move.
Continue?
The frozen ramparts melt away as you move.
The gnoll barely misses you.
The gnoll hits you from afar with a +0 spear.
There is a stone staircase leading down here.
The gnoll closely misses you.
You climb downwards.
Reactivating autopickup.
The orc shouts!
There is a stone staircase leading up here.
The orc shouts!
You hear a shout! x3
Something hits you!
Deactivating autopickup; reactivate with Ctrl-A.
Something hits you!
* * * LOW HITPOINT WARNING * * *
Casting: Freeze (safe; 1% risk of failure)
Confirm with . or Enter, or press ? or * to list all spells.
The spell is quite dangerous to miscast (5% risk of failure)!
Continue anyway?
Casting: Frozen Ramparts (quite dangerous; 5% risk of failure)
Press: ? - help, Dir - look around, f - activate The walls around you are covered in ice.
The wall freezes something.
Something hits you!
You die...

, , ,
... , *
#.# * ,
#.#, *
*#.#, *
,
...,#*
* , **
*#.#.#*
###.#.#
#..@..#
#.#{#.#
,*, * #
#.# ..
, #.#
..., ,
,.o#
,,... *
,o..
,.#
.o#., #
*.. . ,
* o..
..


You could see 3 orcs.

Vanquished Creatures
  A gnoll (D:3)
  A worm (D:2)
  An orc (D:3)
  A ball python (D:2)
  A giant cockroach (D:2)
  3 goblins (D:2)
  2 hobgoblins
  A kobold (D:3)
  2 bats
  2 frilled lizards
  A rat (D:2)
16 creatures vanquished.

Notes
Turn   | Place    | Note
-------+----------+-------------------------------------------
     0 | D:1      | hawla the Meteoran Ice Elementalist began the quest for the
                  | Orb.
     0 | D:1      | Reached XP level 1. HP: 14/14 MP: 5/5
    59 | D:2      | Noticed Terence
    80 | D:2      | Reached XP level 2. HP: 15/20 MP: 0/6
   292 | D:3      | Reached skill level 5 in Ice Magic
   292 | D:3      | Reached XP level 3. HP: 24/26 MP: 4/8
   299 | D:3      | Learned a level 3 spell: Frozen Ramparts
   361 | D:4      | HP: 1/26 [something (8)]
   362 | D:4      | Mangled by a gnoll

Illustrated notes

Levels and vault maps discovered:
D:1:      spicycebolla_arrival_risky_transporter, layout_rooms
D:2:      layout_basic, hellmonk_ecumenical_altar_dog_temple, serial_shops,
          nicolae_shop_trees, minmay_heptomino_d4, uniq_terence
D:3:      layout_basic, amcnicky_altar_gilded, chequers_serial_rivers_micro_b
D:4:      layout_loops_ring, nzn_wu_jian_contemplation

Skill      XL: |  1  2  3 |
---------------+----------+-----
Ice Magic      | 5 |  5.1
Spellcasting   | 3 |  3.1
Fighting       | |  0.1
Dodging        | |  2.6
Stealth        | |  1.4

Action                   || total
-------------------------++-------
Melee: Unarmed           ||     3
 Cast: Freeze            ||    21
       Frozen Ramparts   ||     2
  Use: Scroll            ||     2
Armor: Robe              ||     4
Dodge: Dodged            ||    16
